 Dungeon Crawl Stone Soup version 0.21-a0-509-gecc5317 (webtiles) character file.

28259 Zeege the Thaumaturge (level 13, -6/79 HPs)
             Began as a Gargoyle Earth Elementalist on Nov 30, 2017.
             Was an Elder of Vehumet.
             Killed by divine providence
             ... invoked by an orc priest
              (13 damage)
             ... on level 2 of the Orcish Mines.
             The game lasted 01:38:53 (16838 turns).

Zeege the Thaumaturge (GrEE)                       Turns: 16838, Time: 01:38:54

Health: -6/79      AC: 17    Str: 14    XL:     13   Next: 37%
Magic:  12/38      EV: 16    Int: 25    God:    Vehumet [****..]
Gold:   662        SH:  4    Dex: 19    Spells: 22/36 levels left

rFire    x . .     SeeInvis .   D - +0 war axe "Gared" {freeze, *Contam rF- MP+9 Dex+6}
rCold    . . .     Gourm    .   (no shield)
rNeg     + . .     Faith    .   c - +1 robe of the Dragon {Str+2 Slay+3}
rPois    ∞         Spirit   .   (no helmet)
rElec    +         Reflect  .   X - +1 cloak
rCorr    .         Harm     .   W - +0 pair of gloves
MR       .....                  G - +0 pair of boots
Stlth    ++........             H - amulet of rage
HPRegen  0.23/turn              i - +4 ring of intelligence
MPRegen  0.26/turn              r - +3 ring of dexterity

@: hasted, very quick
A: hooves 1, large bone plates 1, blurry vision 1, negative energy resistance 1,
electricity resistance, unbreathing, evolution 1, petrification resistance, rot
immunity, AC +9
a: Renounce Religion, Evoke Berserk Rage


You were on level 2 of the Orcish Mines.
You worshipped Vehumet.
Vehumet was greatly pleased with you.
You were not hungry.

You visited 4 branches of the dungeon, and saw 18 of its levels.
You also visited: Ossuary.

You collected 950 gold pieces.
You spent 288 gold pieces at shops.

Inventory:

Hand Weapons
 D - the +0 war axe "Gared" (weapon) {freeze, *Contam rF- MP+9 Dex+6}
   (You found it on level 6 of the Dungeon)

   It has been specially enchanted to freeze those struck by it, causing extra
   injury to most foes and up to half again as much damage against particularly
   susceptible opponents.
   It can also slow down cold-blooded creatures.
   It affects your dexterity (+6).
   It makes you vulnerable to fire.
   It affects your magic capacity (+9).
   It causes magical contamination when unequipped.
 Y - a +1 mace of distortion
Missiles
 b - 108 stones (quivered)
Armour
 c - the +1 robe of the Dragon (worn) {Str+2 Slay+3}
   (You bought it in a shop on level 8 of the Dungeon)

   It affects your strength (+2).
   It affects your accuracy and damage with ranged weapons and melee attacks
   (+3).
 f - a +0 leather armour of magic resistance
 h - a +2 hat of magic resistance
 G - a +0 pair of boots (worn)
 W - a +0 pair of gloves (worn)
 X - a +1 cloak (worn)
Magical Staves
 a - an uncursed staff of energy {unknown}
Jewellery
 i - a +4 ring of intelligence (left hand)
 r - a +3 ring of dexterity (right hand)
 H - an amulet of rage (around neck)
 J - an uncursed ring of wizardry {unknown}
 S - an uncursed ring of stealth
 Z - an uncursed ring of protection from cold
Wands
 w - a wand of flame (32)
 x - a wand of enslavement (37)
 A - a wand of clouds (17)
 E - a wand of polymorph (5)
 N - a wand of paralysis (21)
 Q - a wand of acid (8)
 T - a wand of digging (28)
Scrolls
 j - 4 scrolls of teleportation
 p - a scroll of amnesia
 q - 3 scrolls of identify
 y - 3 scrolls of blinking
 B - 5 scrolls of enchant weapon
 K - a scroll of holy word
 M - 2 scrolls of fear
 P - a scroll of brand weapon
Potions
 g - 3 potions of mutation
 l - 2 potions of flight
 m - 3 potions of brilliance
 n - a potion of cancellation {unknown}
 o - 3 potions of lignification
 s - 9 potions of curing
 t - 2 potions of berserk rage
 u - 2 potions of haste
 z - 2 potions of might
 C - 2 potions of agility
 I - a potion of magic {unknown}
 L - 2 potions of ambrosia {unknown}
 U - a potion of resistance {unknown}
Books
 e - a book of Geomancy

   Spells                             Type                      Level
   a - Sandblast                      Earth                        1
   b - Passwall                       Transmutation/Earth          2
   c - Stone Arrow                    Conjuration/Earth            3
   d - Petrify                        Transmutation/Earth          4
   e - Lee's Rapid Deconstruction     Earth                        5
 V - a book of Fire

   Spells                             Type                      Level
   a - Ignite Poison                  Fire/Transmutation/Poison    3
   b - Fireball                       Conjuration/Fire             5
   c - Bolt of Fire                   Conjuration/Fire             6
   d - Ring of Flames                 Charms/Fire                  7
   e - Ignition                       Fire                         8
Comestibles
 d - 10 bread rations
 v - 11 meat rations
 F - 13 royal jellies
 O - 10 fruits


   Skills:
 * Level 8.6 Fighting
   Level 0.7 Short Blades
 * Level 6.6 Axes
   Level 0.1(4.0) Polearms
 - Level 6.0 Armour
 * Level 5.4 Dodging
 - Level 2.1 Stealth
 + Level 0.2 Unarmed Combat
 + Level 12.0 Spellcasting
 + Level 3.5 Conjurations
   Level 0.7 Transmutations
 * Level 3.1 Fire Magic
 + Level 11.2 Earth Magic
 * Level 5.7 Evocations


You had 22 spell levels left.
You knew the following spells:

 Your Spells              Type           Power        Failure   Level  Hunger
a - Sandblast             Erth           ######       1%          1    None
b - Stone Arrow           Conj/Erth      ######       1%          3    None
c - Lee's Rapid Deconstr  Erth           ######....   1%          5    ###....
d - Fireball              Conj/Fire      ####......   8%          5    ###....


Dungeon Overview and Level Annotations

Branches:
Dungeon (9/15)             Temple (1/1) D:5            Lair (6/6) D:8
  Swamp (0/4) Lair:2       Spider (0/4) Lair:2        Slime (0/5) Lair:6
    Orc (2/2) D:9             Elf (0/3) Orc:2

Altars:
Ashenzari
Cheibriados
Dithmenos
Elyvilon
Fedhas
Gozag
Hepliaklqana
Kikubaaqudgha
Makhleb
Nemelex Xobeh
Okawaru
Qazlal
Ru
Sif Muna
Trog
Uskayaw
Vehumet
Wu Jian
Xom
Yredelemnul
Zin
The Shining One

Shops:
D:6 !   D:7 }   D:8 [


Innate Abilities, Weirdness & Mutations

You are resistant to torment.
Your stone body is resilient. (AC +9)
You are immune to poison.
You resist negative energy. (rN+)
You are resistant to electric shocks. (rElec)
You can survive without breathing.
You are immune to petrification.
You are immune to rotting.
You have large cloven feet.
You are partially covered in large bone plates. (SH +4)
Scrolls take you a little longer to read.
You evolve.


Message History

The orc knight hits you with an enchanted war axe!
The orc priest barely misses you.
You feel yourself speed up.
The orc knight hits you with an enchanted war axe!!
* * * LOW HITPOINT WARNING * * *
The orc priest misses you.
The orc priest calls down the wrath of Beogh upon you.
Beogh smites you!
* * * LOW HITPOINT WARNING * * *
Casting: Sandblast
Confirm with . or Enter, or press ? or * to list all spells.
Aiming: Lee's Rapid Deconstruction
Press: ? - help, Dir - move target cursor, p - orc knight The wall shatters!
The blast of rock fragments hits the orc knight.
The orc knight is severely wounded.
You hear a shout! x3
The orc priest calls down the wrath of Beogh upon you.
Beogh smites you!
You die...

#.###....###<......##
####.....)..###.......# ###
#..........###.#......###
##.###.##..o...).# ####.......#
#....###.......).####.........#
##.....##.#.#.....)#..........##
##....###)#.#.o...)))<...()..##
....#..#.................#####
..o.o)....#.###.@.........#
..........###.............#
..o......## ##.........####
..)..#.### ##........# ....####
##.......# .....# ###...###
......# ##..# .....## #.##
..#.## ###


You could see an orc knight and an orc priest.

Vanquished Creatures
  Gastronok (Lair:1)
  Snorg (Lair:5)
  3 hydras
  Erica (D:8)
  A two-headed ogre (D:8)
  A death yak (Lair:5)
  Pikel (D:7)
  The ghost of Torious the Nimble, a novice DECj of Sif Muna (D:9)
  A cyclops (D:9)
  Joseph (D:7)
  4 black mambas
  3 elephants
  3 spiny frogs
  4 komodo dragons
  3 rime drakes (Lair:5)
  2 polar bears
  A troll (D:9)
  Prince Ribbit (D:7)
  Grinder (D:4)
  A hornet (D:9)
  8 hippogriffs
  2 wyverns
  22 yaks
  2 basilisks
  Grum (Lair:1)
  3 vampire mosquitoes (Lair:2)
  2 wargs (D:8)
  2 soldier ants (D:9)
  8 water moccasins
  7 porcupines
  A sky beast (D:6)
  4 slaves (D:7)
  2 phantoms
  A necrophage (D:5)
  7 orc warriors
  2 ice beasts (D:9)
  3 wolves (Lair:1)
  13 ogres
  2 centaurs
  11 crocodiles
  2 big kobolds (D:9)
  A wyvern zombie (D:7)
  13 bullfrogs
  3 gnoll sergeants (D:9)
  A wyvern skeleton (D:9)
  5 scorpions
  4 killer bees (D:8)
  A howler monkey (D:4)
  2 crimson imps
  A bullfrog zombie (D:8)
  2 centaur zombies
  7 hounds
  2 jellies
  4 orc priests
  9 orc wizards
  An iguana (D:5)
  4 worker ants
  3 big kobold zombies (Ossuary)
  2 hound zombies
  5 mummies
  2 hound skeletons (D:4)
  6 gnolls
  A worker ant zombie (D:7)
  12 adders
  2 shadow imps
  4 white imps (D:9)
  An ufetubus (D:9)
  An adder zombie (D:5)
  5 worms
  4 dart slugs
  4 leopard geckos
  33 orcs
  6 giant cockroaches
  8 hobgoblins
  14 jackals
  6 kobolds
  2 quokkas
  3 ball pythons
  11 bats
  6 frilled lizards
  8 goblins
  A hobgoblin zombie (Ossuary)
  2 jackal skeletons
  2 leopard gecko skeletons
  A quokka skeleton (D:6)
  16 rats
  2 plants (Lair:4)
373 creatures vanquished.

Vanquished Creatures (others)
  A quokka (D:6)
  3 fungi
  A plant (Lair:5)
5 creatures vanquished.

Grand Total: 378 creatures vanquished

Notes
Turn   | Place    | Note
-------+----------+-------------------------------------------
     0 | D:1      | Zeege the Gargoyle Earth Elementalist began the quest for the Orb.
     0 | D:1      | Reached XP level 1. HP: 10/10 MP: 3/3
   144 | D:1      | Reached XP level 2. HP: 15/15 MP: 0/5
   348 | D:1      | Reached XP level 3. HP: 15/19 MP: 3/6
   516 | D:1      | Learned a level 3 spell: Stone Arrow
   853 | D:2      | Reached skill level 5 in Earth Magic
   853 | D:2      | Reached XP level 4. HP: 24/24 MP: 3/7
  1135 | D:2      | Reached XP level 5. HP: 8/28 MP: 1/9
  1355 | D:2      | Learned a level 5 spell: Lee's Rapid Deconstruction
  1437 | D:2      | Found a basalt altar of Yredelemnul.
  1591 | D:3      | Reached skill level 3 in Spellcasting
  1623 | D:3      | Found a burning altar of Makhleb.
  1756 | D:3      | Reached XP level 6. HP: 32/32 MP: 4/11
  2902 | D:4      | Reached skill level 4 in Spellcasting
  3076 | D:4      | Reached skill level 1 in Fighting
  3076 | D:4      | Reached XP level 7. HP: 38/38 MP: 11/13
  3154 | D:4      | Noticed Grinder
  3168 | D:4      | Paralysed by Grinder for 7 turns
  3176 | D:4      | Killed Grinder
  3701 | D:5      | Entered Level 5 of the Dungeon
  3781 | D:5      | Found a staircase to the Ecumenical Temple.
  3787 | Temple   | Entered the Ecumenical Temple
  3936 | D:5      | Reached XP level 8. HP: 41/44 MP: 10/15
  4090 | D:5      | Found a sparkling altar of Nemelex Xobeh.
  4091 | D:5      | Found a blossoming altar of Fedhas.
  4095 | D:5      | Found an ancient bone altar of Kikubaaqudgha.
  4095 | D:5      | Found an ornate altar of the Wu Jian Council.
  4147 | D:6      | Found Jaanuixa's Distillery.
  4229 | D:6      | Bought a potion of mutation for 112 gold pieces
  4237 | D:6      | Reached skill level 5 in Spellcasting
  4386 | D:6      | Gained mutation: Scrolls take you a little longer to read. [mutagenic meat]
  4387 | D:6      | Gained mutation: You are partially covered in large bone plates. (SH +4) [mutagenic meat]
  4388 | D:6      | Gained mutation: You evolve. [mutagenic meat]
  4389 | D:6      | Lost mutation: Scrolls take you a little longer to read. [mutagenic meat]
  4408 | D:6      | Got a fine war axe
  4409 | D:6      | Identified the +0 war axe "Gared" {freeze, *Contam rF- MP+9 Dex+6} (You found it on level 6 of the Dungeon)
  4538 | D:5      | Reached skill level 10 in Earth Magic
  5144 | D:5      | Noticed a moth of wrath
  5148 | D:5      | Found a bloodstained altar of Trog.
  5359 | D:6      | Reached skill level 1 in Axes
  5384 | D:6      | Reached skill level 6 in Spellcasting
  5504 | D:6      | Found a glowing golden altar of the Shining One.
  5658 | D:6      | Found a white marble altar of Elyvilon.
  5673 | D:6      | Reached XP level 9. HP: 52/52 MP: 18/18
  5687 | D:6      | Found a deep blue altar of Sif Muna.
  6758 | D:7      | Reached skill level 7 in Spellcasting
  6783 | D:7      | Found a sand-covered staircase.
  6795 | Ossuary  | Entered an ossuary
  7058 | D:7      | Found Nibb's Gadget Emporium.
  7083 | D:7      | Noticed Pikel
  7084 | D:7      | Noticed Prince Ribbit
  7097 | D:7      | Killed Pikel
  7097 | D:7      | Reached skill level 1 in Armour
  7097 | D:7      | Reached skill level 1 in Evocations
  7100 | D:7      | Killed Prince Ribbit
  7234 | D:7      | Noticed Joseph
  7329 | D:7      | Gained mutation: You have large cloven feet. [evolution]
  7422 | D:7      | Reached XP level 10. HP: 58/58 MP: 21/21
  7617 | D:7      | Killed Joseph
  7617 | D:7      | Reached skill level 5 in Fighting
  7617 | D:7      | Reached skill level 8 in Spellcasting
  8008 | D:8      | Found a shattered altar of Ashenzari.
  8118 | D:8      | Noticed Erica
  8119 | D:8      | Noticed a two-headed ogre
  8121 | D:8      | Killed Erica
  8463 | D:8      | Found a radiant altar of Vehumet.
  8466 | D:8      | Became a worshipper of Vehumet
  8541 | D:8      | Reached skill level 9 in Spellcasting
  8587 | D:8      | Found a staircase to the Lair.
  8638 | D:8      | Killed a two-headed ogre
  8789 | D:8      | Found Poxug's Antique Armour Boutique.
  8801 | D:8      | Bought a colourful robe for 176 gold pieces
  8811 | D:8      | Identified the cursed +1 robe of the Dragon {Str+2 Slay+3} (You bought it in a shop on level 8 of the Dungeon)
  8854 | Lair:1   | Entered Level 1 of the Lair of Beasts
  8950 | Lair:1   | Reached XP level 11. HP: 63/64 MP: 11/24
  9152 | Lair:1   | Noticed Grum
  9156 | Lair:1   | Killed Grum
  9296 | Lair:1   | Reached skill level 10 in Spellcasting
  9382 | Lair:1   | Noticed Gastronok
  9449 | Lair:1   | Reached * piety under Vehumet
  9449 | Lair:1   | Offered knowledge of Magic Dart by Vehumet.
 10520 | Lair:2   | Reached skill level 5 in Axes
 10705 | Lair:2   | Found a hole to the Spider Nest.
 10723 | Lair:2   | Found a staircase to the Swamp.
 11407 | Lair:3   | Reached skill level 5 in Armour
 11487 | Lair:3   | Got a twisted mace
 11500 | Lair:3   | Identified the cursed +1 mace "Runke" {crush, *Slow +Fly rPois MR++} (You found it on level 3 of the Lair of Beasts)
 11504 | Lair:3   | Gained mutation: Scrolls take you a little longer to read. [mutagenic glow]
 12114 | Lair:3   | Reached skill level 1 in Conjurations
 12571 | Lair:4   | Reached XP level 12. HP: 64/72 MP: 20/26
 12860 | Lair:4   | Reached skill level 11 in Spellcasting
 12901 | Lair:4   | Noticed a catoblepas
 13164 | Lair:5   | Noticed Snorg
 13184 | Lair:5   | Killed Snorg
 13222 | Lair:5   | Learned a level 5 spell: Fireball
 13324 | Lair:5   | Reached ** piety under Vehumet
 13324 | Lair:5   | Offered knowledge of Sting by Vehumet.
 13703 | Lair:5   | Noticed a six-headed hydra
 13712 | Lair:5   | Killed a six-headed hydra
 13712 | Lair:5   | Reached skill level 1 in Fire Magic
 13903 | Lair:5   | Reached skill level 5 in Evocations
 14131 | Lair:6   | Entered Level 6 of the Lair of Beasts
 14264 | Lair:6   | Noticed a death yak
 14282 | Lair:5   | Killed a death yak
 14282 | Lair:5   | Reached skill level 5 in Dodging
 14421 | Lair:6   | Noticed a four-headed hydra
 14468 | Lair:6   | Killed a four-headed hydra
 14622 | Lair:6   | Found a staircase to the Slime Pits.
 14720 | Lair:6   | Noticed a catoblepas
 14736 | Lair:6   | Noticed a four-headed hydra
 14748 | Lair:6   | Killed a four-headed hydra
 14770 | Lair:6   | Reached XP level 13. HP: 78/78 MP: 16/28
 15254 | Lair:1   | Killed Gastronok
 15476 | D:9      | Noticed Torious's ghost (novice DECj)
 15482 | D:9      | Killed Torious's ghost
 15569 | D:9      | Offered knowledge of Dazzling Spray by Vehumet.
 15658 | D:9      | Reached skill level 12 in Spellcasting
 15774 | D:9      | Found a hazy altar of Hepliaklqana.
 15850 | D:9      | Reached *** piety under Vehumet
 16310 | D:9      | Found a staircase to the Orcish Mines.
 16312 | D:9      | Offered knowledge of Inner Flame by Vehumet.
 16473 | Orc:1    | Entered Level 1 of the Orcish Mines
 16549 | Orc:2    | Entered Level 2 of the Orcish Mines
 16587 | Orc:2    | Reached **** piety under Vehumet
 16763 | Orc:2    | Found a staircase to the Elven Halls.
 16799 | Orc:2    | Offered knowledge of Bolt of Draining by Vehumet.
 16838 | Orc:2    | Killed from afar by an orc priest

Vault maps used:
D:1:      dpeg_arrival_simpleton_c
D:2:      nicolae_overflow_crystal_walls
D:3:      makhleb_heckhound_becter, first_bread, hangedman_decor_growths
D:4:      uniq_grinder
D:5:      chequers_temple_overflow_statue_of_worship, tgw_trog,
          minmay_temple_entry_glass, st_stairs_9
D:6:      elyvilon_altar_4, led_sif_book, marbit_many_paths, serial_shops, shop,
          st_stairs_7, lemuel_flame_loot_1
D:7:      serial_shops, kennysheep_little_box, gup_ossuary_entry_pyramid,
          uniq_prince_ribbit1, uniq_pikel, uniq_joseph
D:8:      lemuel_round_altar, kennysheep_mini_moat, erik_lair_orcish_takeover,
          serial_shops, shop, uniq_erica
D:9:      nicolae_overflow_hidden_temple,
          kennysheep_orc_monster_closet_entryway, serial_ice, serial_ice_f,
          serial_ice_e, serial_ice_h, serial_ice_b, hangedman_pestilent_swarm
Temple:   dpeg_three_leaves_temple
Lair:1:   columned_hall_lemuel, st_stairs_9, uniq_grum, uniq_gastronok
Lair:2:   minmay_swamp_entry_swarm, spider_nest_entry_rubble
Lair:4:   serial_bayou_lagoon_a, serial_bayou_shore_b
Lair:5:   minmay_lair_drake_nest, grunt_megastairs_5, uniq_snorg
Lair:6:   evilmike_catoblepas_cave, dpeg_slime_entry_corner
Orc:2:    st_orc_pillars, lemuel_statue_altar, uniq_saint_roka
Ossuary:  ossuary_the_hunt_dpeg

Skill      XL: |  1  2  3  4  5  6  7  8  9 10 11 12 13 |
---------------+----------------------------------------+-----
Earth Magic    | 4 5 6 7 8 10 11 | 11.2
Spellcasting   | 3 4 6 7 9 10 11 12 | 12.0
Fighting       | 1 2 3 4 5 7 8 |  8.6
Axes           | 1 3 4 5 6 |  6.6
Armour         | 2 3 5 6 |  6.0
Dodging        | 2 3 4 5 |  5.4
Evocations     | 1 3 4 5 |  5.7
Conjurations   | 1 3 |  3.5
Fire Magic     | 2 3 |  3.1
Short Blades   | |  0.7
Polearms       | |  0.1
Stealth        | |  2.1
Unarmed Combat | |  0.2
Transmutations | |  0.7

Action                   |  1- 3 |  4- 6 |  7- 9 | 10-12 | 13-15 || total
-------------------------+-------+-------+-------+-------+-------++-------
Melee: Dagger            |    21 |       |       |       |       ||    21
       Spear             |    56 |    69 |       |       |       ||   125
       Short sword       |       |    22 |    35 |       |       ||    57
       War axe           |       |       |    55 |    70 |    30 ||   155
       Unarmed           |       |       |       |     1 |       ||     1
 Cast: Sandblast         |    20 |    49 |    68 |   175 |    41 ||   353
       Stone Arrow       |     2 |    11 |    48 |   110 |    36 ||   207
       Lee's Rapid Decon |       |     2 |    17 |    41 |    32 ||    92
  Use: Scroll            |       |     6 |    12 |    12 |     2 ||    32
       Potion            |       |       |       |     4 |     2 ||     6
 Stab: Sleeping          |     2 |     2 |     2 |       |       ||     6
  Eat: Chunk             |       |     9 |    15 |    13 |       ||    37
       Bread ration      |       |       |     2 |     4 |     2 ||     8
Armor: Robe              |    32 |    33 |    47 |    57 |    28 ||   197
Dodge: Dodged            |    62 |    56 |    60 |    80 |    54 ||   312
Block: Other             |       |       |    17 |    25 |    14 ||    56

Table legend:
 A = Spawn XP
 B = Non-spawn XP
 C = Spawn XP percentage of total XP
 D = Spawn monster count
 E = Non-spawn monster count
 F = Spawn count percentage of total count
 G = Total turns spent on level
                    A         B        C        D         E        F      G
               +---------+---------+-------+---------+---------+-------+---------
         Total |       0 |   40370 |   0.0 |       0 |     367 |   0.0 | 16838
               +---------+---------+-------+---------+---------+-------+---------
           D:1 |       0 |      46 |   0.0 |       0 |      29 |   0.0 |   726
           D:2 |       0 |     137 |   0.0 |       0 |      30 |   0.0 |   855
           D:3 |       0 |     257 |   0.0 |       0 |      27 |   0.0 |  1176
           D:4 |       0 |     610 |   0.0 |       0 |      13 |   0.0 |   944
           D:5 |       0 |     746 |   0.0 |       0 |      27 |   0.0 |  1241
           D:6 |       0 |     912 |   0.0 |       0 |      25 |   0.0 |  1445
           D:7 |       0 |    2306 |   0.0 |       0 |      18 |   0.0 |  1164
           D:8 |       0 |    3500 |   0.0 |       0 |      25 |   0.0 |  1046
           D:9 |       0 |    4679 |   0.0 |       0 |      47 |   0.0 |  1084
        Lair:1 |       0 |    5337 |   0.0 |       0 |      19 |   0.0 |  1328
        Lair:2 |       0 |    3161 |   0.0 |       0 |      12 |   0.0 |  1414
        Lair:3 |       0 |    2674 |   0.0 |       0 |      13 |   0.0 |   873
        Lair:4 |       0 |    2695 |   0.0 |       0 |      13 |   0.0 |   698
        Lair:5 |       0 |    7052 |   0.0 |       0 |      22 |   0.0 |  1446
        Lair:6 |       0 |    5198 |   0.0 |       0 |      17 |   0.0 |   744
         Orc:1 |       0 |     118 |   0.0 |       0 |       1 |   0.0 |    76
         Orc:2 |       0 |     788 |   0.0 |       0 |      21 |   0.0 |   289
       Ossuary |       0 |     154 |   0.0 |       0 |       8 |   0.0 |   205
               +---------+---------+-------+---------+---------+-------+---------
